[Event "Late-Titled-Tuesday-Blitz-May-07-2024"]
[Site "Chess.com"]
[Date "2024.05.07"]
[Round "10"]
[White "LiemLe"]
[Black "Alex_Sahakyan2006"]
[Result "1-0"]
[WhiteElo "3060"]
[BlackElo "2850"]
[TimeControl "180+1"]
[EndTime "15:57:00 PDT"]
[Termination "LiemLe won on time"]

1. Nf3 d5 2. e3 Nf6 3. c4 e6 4. Nc3 Bd6 5. b3 b6 6. cxd5 exd5 7. Bb2 Bb7 8. Nb5 Be7 9. Rc1 c6 10. Nbd4 O-O 11. Nf5 Ba6 12. Bxa6 Nxa6 13. Rxc6 Nb4 14. Nxe7+ Qxe7 15. Bxf6 Qe4 16. Rc3 gxf6 17. O-O Rac8 18. Nd4 Nxa2 19. Rxc8 Rxc8 20. Qa1 Nb4 21. Qxa7 Nd3 22.
Qxb6 Kg7 23. b4 Rc1 24. f3 Rxf1+ 25. Kxf1 Qe5 26. g3 Qh5 27. h4 Ne5 28. Kg2 Qg6 29.
Qb5 Qb1 30. Qxd5 Qd3 31. f4 Qxd2+ 32. Kh3 Qe1 33. fxe5 Qf1+ 34. Qg2 Qd3 35. exf6+ Kxf6 36. Qf3+ Kg7 37. b5 h5 38. b6 Qb1 39. b7 Kh7 40. Qxh5+ Kg7 41. Qf3 f6 42. Nf5+ Kg6 43. g4 Kf7 44. Ng3 Kg6 45. Qe4+ 1-0

[Event "Late-Titled-Tuesday-Blitz-May-07-2024"]
[Site "Chess.com"]
[Date "2024.05.07"]
[Round "10"]
[White "ashookk"]
[Black "MuhittinBuker"]
[Result "1/2-1/2"]
[WhiteElo "2375"]
[BlackElo "2217"]
[TimeControl "180+1"]
[EndTime "15:57:01 PDT"]
[Termination "Game drawn by repetition"]

1. Nf3 Nf6 2. c4 e6 3. d4 d5 4. Nc3 Be7 5. cxd5 exd5 6. Bg5 c6 7. Qc2 O-O 8. e3 Nbd7 9. Bd3 h6 10. Bh4 Re8 11. O-O Ne4 12. Bxe7 Qxe7 13. Rab1 a5 14. a3 Ndf6 15. Ne5 Nxc3 16. Qxc3 Nd7 17. Nf3 Nf6 18. b4 axb4 19. axb4 Bg4 20. Ne5 Bd7 21. b5 Rec8 22.
bxc6 bxc6 23. Rb7 Qd6 24. Nxd7 Nxd7 25. Bf5 Rc7 26. Rfb1 g6 27. Bxd7 Qxd7 28. R7b6 h5 29. h3 Rac8 30. Qc5 Qe7 31. Rc1 Qxc5 32. Rxc5 Kf8 33. Kf1 Ke7 34. Ke2 Kd6 35. Kd3 Ra8 36. Rb2 Ra3+ 37. Ke2 Rca7 38. Rbc2 R7a6 39. Kd2 Rb6 40. Ke2 Kd7 41. Kf3 f6 42. Kf4 Kd6 43. g3 Ra8 44. Kf3 Ra1 45. Kf4 Raa6 46. Kf3 Ke6 47.
Ke2 Kd6 48. Kf3 Ra3 49. Kf4 Raa6 50. Kf3 1/2-1/2

[Event "Late-Titled-Tuesday-Blitz-May-07-2024"]
[Site "Chess.com"]
[Date "2024.05.07"]
[Round "10"]
[White "IlanSchnaider"]
[Black "eljanov"]
[Result "0-1"]
[WhiteElo "2720"]
[BlackElo "2863"]
[TimeControl "180+1"]
[EndTime "15:57:04 PDT"]
[Termination "eljanov won by checkmate"]

1. e4 c6 2. Nf3 d5 3. Nc3 dxe4 4. Nxe4 Nf6 5. Qe2 Nxe4 6. Qxe4 Qd5 7. Qh4 Qe6+ 8. Be2 Qg4 9. Qg3 g6 10. Qe5 f6 11. Qg3 e5 12. d3 Na6 13. Bd2 Nb4 14. Bd1 Qxg3 15. hxg3 Be6 16. a3 Nd5 17. O-O Kf7 18.
Re1 c5 19. c3 a5 20. d4 exd4 21. cxd4 c4 22. Ba4 Bd6 23. Rac1 Nb6 24. Bb5 Rhc8 25.
Be3 Bd7 26. Bxd7 Nxd7 27. a4 Nb6 28. Nd2 Bb4 29. Red1 Bxd2 30. Rxd2 Nxa4 31. d5 b5 32. d6 Rd8 33. Rd5 Rab8 34. Rc2 Ke6 35. Rd1 Rb7 36. Re2 Kf7 37. Bf4 Nc5 38. Rd5 Nd3 39. Bd2 a4 40. Ba5 Rdd7 41. Bc3 b4 42. Bd4 c3 43. bxc3 b3 44. c4 Nb4 45. Rb5 Rxb5 46. cxb5 a3 47. b6 Nc2 48. Bc3 b2 49. Re7+ Rxe7 50.
dxe7 b1=Q+ 51. Kh2 Kxe7 52. Bxf6+ Kxf6 53. b7 Qxb7 54. g4 g5 55. g3 Ne1 56. f4 Qg2# 0-1

[Event "Late-Titled-Tuesday-Blitz-May-07-2024"]
[Site "Chess.com"]
[Date "2024.05.07"]
[Round "10"]
[White "boguszp"]
[Black "Felix-Rose"]
[Result "0-1"]
[WhiteElo "2038"]
[BlackElo "2220"]
[TimeControl "180+1"]
[EndTime "15:57:04 PDT"]
[Termination "Felix-Rose won on time"]

1. d4 e6 2. Nf3 c5 3. c3 cxd4 4. cxd4 Nc6 5. Nc3 Bb4 6. a3 Be7 7. e4 d5 8. e5 f6 9. Bf4 fxe5 10. Nxe5 Nf6 11. Bb5 Qb6 12. Qa4 O-O 13. Bxc6 Qxb2 14. Rc1 bxc6 15. O-O c5 16. Nc6 Qb7 17. Nxe7+ Qxe7 18. dxc5 Qxc5 19. Nb5 Qb6 20. Bc7 Qa6 21. Qb4 Ne4 22. f3 Bd7 23. a4 Nf6 24. Bd6 Rfc8 25. Nc7 Qxa4 26. Nxa8 Qxb4 27. Bxb4 Rxa8 28. Rc7 a5 29. Bc3 Bb5 30. Rb1 Bc4 31. Bxf6 gxf6 32. Rbb7 Bd3 33. Rg7+ Kh8 34. Ra7 Rb8 35. Rgb7 Rxb7 36.
Rxb7 a4 37. Ra7 Bc2 38. Kf2 e5 39. Ke3 d4+ 40. Kd2 Bb3 41. Kd3 f5 0-1

[Event "Late-Titled-Tuesday-Blitz-May-07-2024"]
[Site "Chess.com"]
[Date "2024.05.07"]
[Round "10"]
[White "A4RookA3"]
[Black "PNEPaul"]
[Result "1-0"]
[WhiteElo "2427"]
[BlackElo "1952"]
[TimeControl "180+1"]
[EndTime "15:57:05 PDT"]
[Termination "A4RookA3 won on time"]

1. a4 a6 2. Ra3 d6 3. b3 g6 4. Bb2 Nf6 5. g3 Bg7 6. Bg2 O-O 7. e3 h6 8. Ne2 Nbd7 9. O-O e5 10.
d3 Rb8 11. Nd2 b6 12. f4 Bb7 13. Bxb7 Rxb7 14. Nc4 Re8 15. fxe5 Nxe5 16. Qa1 Nfd7 17. Nxe5 Nxe5 18. e4 Qg5 19. Qc1 Qxc1 20. Bxc1 Rbb8 21. Nf4 c6 22. Kg2 Nd7 23. Bd2 a5 24. Ra2 Nc5 25.
Bc1 Ne6 26. Bb2 Bxb2 27. Rxb2 Nxf4+ 28. Rxf4 d5 29. exd5 cxd5 30. c4 dxc4 31. bxc4 Red8 32. d4 Kg7 33. Kf3 f5 34. d5 Kf6 35. Rd4 g5 36. Re2 Rd6 37. Rb2 Rdd8 38. Ke3 Re8+ 39. Kd3 Red8 40. Re2 Rd6 41. Kc3 Rbd8 42. Rd3 h5 43.
Rde3 f4 44. gxf4 gxf4 45. Rf3 Kg5 46. Rg2+ Kf5 47. Rgf2 Ke5 48. Rxf4 Rg8 49. Rf5+ Ke4 50. R2f4+ Ke3 51. Rf1 Ke2 52. R1f4 1-0

[Event "Late-Titled-Tuesday-Blitz-May-07-2024"]
[Site "Chess.com"]
[Date "2024.05.07"]
[Round "10"]
[White "vugarrasulov"]
[Black "GianmarcoVaR"]
[Result "1-0"]
[WhiteElo "2992"]
[BlackElo "2794"]
[TimeControl "180+1"]
[EndTime "15:57:06 PDT"]
[Termination "vugarrasulov won by checkmate"]

1. d4 Nf6 2. c4 e6 3. Nc3 Bb4 4. Nf3 b6 5. Bg5 Bb7 6. Rc1 h6 7. Bh4 Qe7 8. e3 g5 9. Bg3 Bxc3+ 10. Rxc3 d6 11. Bd3 Ne4 12. Bxe4 Bxe4 13. c5 O-O 14. h4 Nd7 15. hxg5 hxg5 16. Nd2 Bg6 17. cxd6 cxd6 18.
Nc4 e5 19. dxe5 dxe5 20. Qd6 Qxd6 21. Nxd6 f6 22. Rc7 Rfd8 23. f4 exf4 24. exf4 gxf4 25. Bxf4 Nc5 26. Bg3 Nd3+ 27. Ke2 Ne5 28. Bxe5 fxe5 29. Nc4 Rd4 30. Ne3 Bd3+ 31. Ke1 Re4 32. Rh3 Rf8 33.
Rg3+ Kh8 34. Rxa7 Bb5 35. b3 Rf1+ 36. Kd2 Rf2+ 37. Kc3 Rd4 38. Ng4 Rfd2 39. Nxe5 Be2 40. Ng6+ Kg8 41. Nf4+ Kf8 42. Ne6+ Ke8 43. Rg8# 1-0

[Event "Late-Titled-Tuesday-Blitz-May-07-2024"]
[Site "Chess.com"]
[Date "2024.05.07"]
[Round "10"]
[White "TanitoluwaAps116"]
[Black "Durarbayli"]
[Result "0-1"]
[WhiteElo "2752"]
[BlackElo "2943"]
[TimeControl "180+1"]
[EndTime "15:57:06 PDT"]
[Termination "Durarbayli won by checkmate"]

1. Nf3 Nf6 2. b3 d5 3. Bb2 c5 4. e3 a6 5. d4 Nc6 6. dxc5 e6 7. c4 Bxc5 8. cxd5 exd5 9. Bd3 O-O 10. O-O Bg4 11. h3 Bh5 12. Nbd2 Qe7 13. a3 Ne4 14. Qc2 Rfe8 15. Bxe4 dxe4 16. Qc3 f6 17. Nh4 Rad8 18.
Nf5 Qf8 19. Rfc1 Ba7 20. a4 Rd3 21. Qc2 Bg6 22. Ng3 Qd6 23. Nc4 Qd5 24. Rd1 h5 25. Ne2 Bb8 26. Nf4 Bxf4 27. exf4 h4 28. Ne3 Qxb3 29.
Qe2 Red8 30. Re1 Qe6 31. f5 Bxf5 32. Rac1 Rd2 33. Qh5 g6 34. Qh6 Rxb2 35. Rc5 Ne7 36. Rec1 Rbd2 37. Rc7 R2d7 38. R7c5 Qf7 39. Qxh4 Kg7 40.
Qg3 Qe6 41. h4 Kf7 42. h5 g5 43. h6 Rh8 44. a5 Rxh6 45. Rb1 Bg6 46. Qb8 Qd6 47.
Qa7 Qh2+ 48. Kf1 Bh5 49. Ke1 Qg1+ 50. Nf1 e3 51. fxe3 Qxg2 52. Rc3 Qe2# 0-1

[Event "Late-Titled-Tuesday-Blitz-May-07-2024"]
[Site "Chess.com"]
[Date "2024.05.07"]
[Round "10"]
[White "realburq"]
[Black "wild3000"]
[Result "0-1"]
[WhiteElo "2356"]
[BlackElo "2484"]
[TimeControl "180+1"]
[EndTime "15:57:06 PDT"]
[Termination "wild3000 won by checkmate"]

1. e4 e6 2. d4 a6 3. c4 d6 4. Nc3 Nf6 5. f4 c5 6. d5 exd5 7. cxd5 Be7 8. e5 Ng4 9. e6 h5 10. Be2 fxe6 11. Bxg4 hxg4 12. Qxg4 exd5 13. Qg6+ Kf8 14.
Nxd5 Nc6 15. Nf3 Rh6 16. Qd3 Re6+ 17. Be3 Qa5+ 18. Kf2 Nb4 19. Nxb4 Qxb4 20. b3 Qe4 21. Qd2 Bd7 22. Rae1 Qf5 23. g4 Qxg4 24. Rhg1 Bh4+ 25.
Nxh4 Qxh4+ 26. Kf3 Bc6+ 27. Ke2 Rae8 28. Kd3 Qh7+ 29.
Kc3 Qe4 30. Bxc5 Qf3+ 31. Kb2 dxc5 32. Rxe6 Rxe6 33. Qd8+ Kf7 34. Qg5 Qe2+ 35. Ka3 g6 36. f5 gxf5 37. Qg7+ Ke8 38. Qc7 Re7 39. Qf4 Qe4 40.
Rg8+ Kd7 41. Qg5 Qb4+ 42. Kb2 Re2+ 43. Kc1 Qe1# 0-1

[Event "Late-Titled-Tuesday-Blitz-May-07-2024"]
[Site "Chess.com"]
[Date "2024.05.07"]
[Round "10"]
[White "The_Machine04"]
[Black "Nicolik"]
[Result "1-0"]
[WhiteElo "2787"]
[BlackElo "2524"]
[TimeControl "180+1"]
[EndTime "15:57:07 PDT"]
[Termination "The_Machine04 won by checkmate"]

1. d4 d5 2. Nf3 Nf6 3. Nbd2 Bf5 4. e3 e6 5. Ne5 h6 6. Bd3 Bxd3 7. cxd3 Nbd7 8. f4 c5 9. O-O cxd4 10. exd4 Bd6 11. Ndf3 O-O 12. Be3 Qb6 13. Qe2 Rac8 14. h3 Rc7 15. g4 Rfc8 16. Rf2 Nf8 17. Raf1 Qa6 18. a3 Qa4 19. g5 Nh5 20. gxh6 Ng3 21. Qd1 Qxd1 22. Rxd1 Nf5 23. hxg7 Nxe3 24. gxf8=Q+ Kxf8 25. Re1 Rc1 26. Re2 Nf5 27. Kf2 Ke7 28. h4 Rxe1 29.
Kxe1 Rh8 30. Rh2 Rh5 31. Kf2 Bc7 32. Kg2 Bb6 33. Kh3 Bxd4 34. Rc2 Bb6 35. Rg2 Rh7 36. Rg8 Be3 37. Rg4 b5 38. Ng5 Bxf4 39. Rxf4 f6 40.
Nxh7 fxe5 41. Rg4 d4 42. Ng5 Ne3 43. Ne4 Nxg4 44. Kxg4 b4 45. axb4 a5 46. bxa5 Kd7 47. h5 Kc6 48. h6 Kd5 49. h7 Kc6 50. h8=Q Kd5 51. Qd8+ Kc6 52. Qd6+ Kb5 53. Qc5+ Ka6 54. Qb6# 1-0

[Event "Late-Titled-Tuesday-Blitz-May-07-2024"]
[Site "Chess.com"]
[Date "2024.05.07"]
[Round "10"]
[White "BabageldiAnnaberdiyev"]
[Black "KNVB"]
[Result "0-1"]
[WhiteElo "2564"]
[BlackElo "2788"]
[TimeControl "180+1"]
[EndTime "15:57:07 PDT"]
[Termination "KNVB won by resignation"]

1. e4 a5 2. Nf3 Ra6 3. Bxa6 Nxa6 4. O-O e6 5. Re1 b6 6. d3 Bb7 7. Nbd2 d6 8. a3 Nb8 9. Qe2 Ne7 10. Nf1 Ng6 11.
Bg5 f6 12. Be3 Nd7 13. Ng3 Be7 14. b4 Qa8 15. c4 h5 16. h4 Kf7 17. Reb1 Nde5 18.
Nxe5+ Nxe5 19. c5 bxc5 20. bxc5 Ba6 21. Rd1 dxc5 22. Rac1 c4 23. dxc4 Bxa3 24. f4 Bxc1 25. fxe5 Bxe3+ 26. Qxe3 Rd8 27. Ra1 Bxc4 28. exf6 gxf6 29.
Qh6 Rh8 30. Qf4 e5 31. Qc1 Be6 32. Qxc7+ Kg6 33. Rxa5 Qb8 34. Qc6 Qc8 35. Ra6 Qxc6 36. Rxc6 Bg4 37. Nf1 Rd8 38. Nh2 Rd4 39. Kf2 Rxe4 40. Rb6 Ra4 41. Nf1 Ra2+ 42. Kg3 Ra3+ 43. Kf2 Ra2+ 44. Kg3 Bf5 45. Ne3 Be4 46. Rb4 f5 47. Rb6+ Kf7 48. Nc4 f4+ 49. Kh3 Bxg2+ 50. Kh2 Bd5+ 0-1

[Event "Late-Titled-Tuesday-Blitz-May-07-2024"]
[Site "Chess.com"]
[Date "2024.05.07"]
[Round "10"]
[White "azikom"]
[Black "N_Mullodzhanov"]
[Result "1-0"]
[WhiteElo "2742"]
[BlackElo "2556"]
[TimeControl "180+1"]
[EndTime "15:57:07 PDT"]
[Termination "azikom won by checkmate"]

1. d4 Nf6 2. c4 g6 3. Nc3 Bg7 4. e4 d6 5. f3 O-O 6. Bg5 h6 7. Be3 e5 8. Nge2 Nc6 9. Qd2 Kh7 10. d5 Ne7 11. g4 Nd7 12. h4 f5 13. h5 f4 14.
hxg6+ Nxg6 15. Bf2 a5 16. O-O-O b6 17. Kb1 Ba6 18. Nc1 Nc5 19. Nb5 a4 20. Be2 Bxb5 21.
cxb5 a3 22. b3 Qe7 23. Qc2 Bf6 24. Nd3 Bg5 25. Nb4 Qf6 26. Na6 Qe7 27. b4 Nxa6 28. bxa6 b5 29. Rc1 Rxa6 30. Qxc7 Ra4 31. Be1 Qxc7 32.
Rxc7+ Ne7 33. Bxb5 Raa8 34. Bd7 Rab8 35. Kc2 Kh8 36. Kb3 Kg7 37. Be6 Kf6 38. Bd2 Ra8 39.
Bc1 Ra6 40. Rh2 Rfa8 41. Rhc2 Rb8 42. R2c4 Rba8 43. Rd7 Bh4 44. Rcc7 Re8 45. Bxa3 Rea8 46.
Bb2 Re8 47. a4 Be1 48. b5 Rb6 49. Ba3 Ba5 50. Ra7 Bd2 51. Bxd6 Nc8 52. Bc5 Rb8 53.
Rac7 Ra8 54. Rf7+ Kg5 55. Bf2 Nd6 56. Rg7+ Kf6 57. Bh4# 1-0

[Event "Late-Titled-Tuesday-Blitz-May-07-2024"]
[Site "Chess.com"]
[Date "2024.05.07"]
[Round "10"]
[White "MusicCityMaster"]
[Black "andrew-blr"]
[Result "0-1"]
[WhiteElo "2471"]
[BlackElo "2601"]
[TimeControl "180+1"]
[EndTime "15:57:09 PDT"]
[Termination "andrew-blr won by resignation"]

1. d4 d5 2. c4 e6 3. Nf3 c5 4. e3 Nf6 5. Nc3 a6 6. Bd3 dxc4 7. Bxc4 b5 8. Bd3 Bb7 9. O-O Nbd7 10. Qe2 Bd6 11. Rd1 Qc7 12. h3 O-O 13. e4 cxd4 14.
Nxd4 Ne5 15. Bb1 Ng6 16. Bg5 Bf4 17. Bxf6 gxf6 18. a3 Rfd8 19. Ba2 Qb6 20. Nf3 Kg7 21. h4 Rxd1+ 22. Rxd1 Rd8 23. Rxd8 Qxd8 24. h5 Ne5 25. Nxe5 fxe5 26. Qg4+ Kh6 27. g3 Qg5 28. Bxe6 Qxg4 29. Bxg4 Bc1 30. Nd1 Bxe4 31. Kf1 Bd3+ 32. Ke1 f5 33.
Bf3 e4 34. Be2 Bxe2 35. Kxe2 Kxh5 36. f3 Kg5 37. Kf2 h5 38. Ke2 Kf6 39. Kf2 Ke5 40. Ke2 Kd4 41. Kf2 a5 42. Ke2 a4 43. Nc3 Bxb2 44.
Nxb5+ Kc5 45. Nc7 Bxa3 46. Ne6+ Kc4 47. Ng7 Bb2 48. Nxf5 exf3+ 49. Kf2 a3 50. Ne3+ Kb3 51. Kxf3 a2 0-1

[Event "Late-Titled-Tuesday-Blitz-May-07-2024"]
[Site "Chess.com"]
[Date "2024.05.07"]
[Round "10"]
[White "Navyblue1"]
[Black "schondeln"]
[Result "1-0"]
[WhiteElo "2236"]
[BlackElo "2314"]
[TimeControl "180+1"]
[EndTime "15:57:10 PDT"]
[Termination "Navyblue1 won by resignation"]

1. d4 d5 2. c4 c6 3. Nc3 Nf6 4. cxd5 cxd5 5. Bf4 Nc6 6. e3 Bf5 7. Qb3 Na5 8. Bb5+ Bd7 9. Qa4 Nc6 10. Nf3 e6 11. Bxc6 Bxc6 12. Qd1 Qb6 13. Rb1 Be7 14. O-O O-O 15. Ne5 Rfc8 16. h3 Be8 17. Qd3 a6 18. Rfc1 h6 19. Rc2 Nd7 20. Rbc1 Nxe5 21. Bxe5 Rc4 22. e4 f6 23. exd5 Rxc3 24. bxc3 fxe5 25. dxe5 exd5 26. Qxd5+ Bf7 27. Qe4 Bc5 28. Re2 Be6 29.
Rb1 Qc6 30. Qxc6 bxc6 31. a4 Rf8 32. Rb7 Rf4 33. Rc7 Rc4 34. Kh2 Bb6 35. Rb7 Ba5 36.
Ra7 Bxc3 37. Rxa6 Bd4 38. Ra8+ Kh7 39. Re8 Bf7 40. Re7 Kg6 41. e6 Bg8 42. Rd7 Bf6 43.
e7 Bf7 44. e8=Q Bxe8 45. Rxe8 Rxa4 46. Rc8 Ra2 47. g3 Rxf2+ 48. Kg1 Rc2 49. Kf1 c5 50. Rd5 Rh2 51. Rcxc5 Rxh3 52. Kg2 Rh5 53. Rxh5 1-0

[Event "Late-Titled-Tuesday-Blitz-May-07-2024"]
[Site "Chess.com"]
[Date "2024.05.07"]
[Round "10"]
[White "Szparu"]
[Black "Karacsonyi_Gellert"]
[Result "1-0"]
[WhiteElo "2899"]
[BlackElo "2707"]
[TimeControl "180+1"]
[EndTime "15:57:14 PDT"]
[Termination "Szparu won by resignation"]

1. e4 c5 2. c3 Nf6 3. e5 Nd5 4.
d4 cxd4 5. Nf3 e6 6. cxd4 d6 7. Bc4 Nb6 8. Bd3 dxe5 9. dxe5 Nc6 10. O-O Be7 11. Qe2 O-O 12. Rd1 Qc7 13. Nc3 a6 14.
Qe4 g6 15. Bh6 Rd8 16. Rac1 Nd5 17. Ne2 Qb6 18. h4 Qb4 19. h5 Qxe4 20. Bxe4 Bf8 21.
Bg5 Be7 22. Bxe7 Ncxe7 23. Ned4 Bd7 24. hxg6 hxg6 25. Ng5 Rac8 26. g3 Rxc1 27. Rxc1 Rc8 28. Rd1 Nc6 29. Nxc6 Bxc6 30. Kg2 Nb4 31. f4 Bxe4+ 32.
Nxe4 Rc2+ 33. Kf3 Nd5 34. Rd2 Rc1 35. Nf6+ Kf8 36. Nxd5 exd5 37. Rxd5 Rc2 38. Rd7 Rxb2 39. Kg4 Rxa2 40. Kg5 Rb2 41. g4 a5 42. f5 gxf5 43.
gxf5 Ke8 44. Rc7 a4 45. Kf6 a3 46. Rc8+ Kd7 47. Ra8 Rb6+ 48. Kxf7 Ra6 49. e6+ Kc7 50. Rxa6 bxa6 51. e7 a2 52. e8=Q a1=Q 53. Qe7+ Kb6 54. f6 a5 55. Qd6+ Kb5 56. Ke7 Qe1+ 57. Qe6 Qb4+ 58. Ke8 Qh4 59. Qd5+ Kb4 60. f7 Qe1+ 61. Kd7 Qf2 62. Qd6+ Kb3 63. f8=Q Qa7+ 64. Ke6 Qe3+ 65. Qe5 Qh3+ 66. Qff5 Qh6+ 67. Kd7 1-0

[Event "Late-Titled-Tuesday-Blitz-May-07-2024"]
[Site "Chess.com"]
[Date "2024.05.07"]
[Round "10"]
[White "NCchamp"]
[Black "Walter_White_Poland"]
[Result "1/2-1/2"]
[WhiteElo "2271"]
[BlackElo "2405"]
[TimeControl "180+1"]
[EndTime "15:57:14 PDT"]
[Termination "Game drawn by repetition"]

1. d4 Nf6 2. Bg5 c5 3. Bxf6 exf6 4. d5 d6 5. c4 g6 6. Nc3 Bg7 7. e3 O-O 8. Bd3 Nd7 9. Nge2 a6 10. h4 Ne5 11. h5 Nxd3+ 12. Qxd3 b5 13. cxb5 axb5 14. Nxb5 Ba6 15. Nec3 f5 16. hxg6 fxg6 17. O-O Bxc3 18. bxc3 c4 19. Qxc4 Qa5 20. a4 Rfc8 21. Qb4 Qxb4 22.
cxb4 Rcb8 23. Nc7 Bxf1 24. Nxa8 Bc4 25. Nc7 Rxb4 26. a5 Rb7 27. Ne8 Ra7 28. Nxd6 Bxd5 29. Nb5 Rb7 30. Nd4 Kf7 31. a6 Rb4 32. Rc1 Ra4 33.
Rc7+ Kf6 34. a7 f4 35. Rd7 fxe3 36. fxe3 Ra1+ 37. Kh2 Be4 38. Kg3 Ra2 39. Nf3 g5 40. Rc7 g4 41. Kxg4 Rxg2+ 42. Kf4 Bxf3 43. Kxf3 Ra2 44.
Rxh7 Ke5 45. Rb7 Ra1 46. Ke2 Ke4 47. Re7+ Kd5 48. Kf3 Kd6 49. Rh7 Kd5 50. Rh5+ Ke6 51. Rh7 Kf5 52. Rh5+ Ke6 53. Rh7 Kf5 54. Rb7 Ke5 55.
Rb5+ Kd6 56. Rb7 Ke5 1/2-1/2

[Event "Late-Titled-Tuesday-Blitz-May-07-2024"]
[Site "Chess.com"]
[Date "2024.05.07"]
[Round "10"]
[White "profaVa"]
[Black "FMOlexandrProhorov"]
[Result "1-0"]
[WhiteElo "2360"]
[BlackElo "2300"]
[TimeControl "180+1"]
[EndTime "15:57:16 PDT"]
[Termination "profaVa won on time"]

1. e4 c5 2. Nf3 e6 3. c3 Nf6 4. e5 Nd5 5. d4 cxd4 6. cxd4 d6 7. Bc4 Nb6 8. Bb3 Nc6 9. Qe2 dxe5 10. dxe5 Qc7 11.
Nc3 a6 12. Bf4 Bb4 13. O-O Bxc3 14. bxc3 Na5 15. Rad1 Bd7 16. Ng5 Bb5 17. c4 Bxc4 18. Bxc4 Qxc4 19. Qf3 Nd5 20. Ne4 O-O 21. Rfe1 Rad8 22.
Qg3 Nxf4 23. Qxf4 Rxd1 24. Rxd1 Qc2 25. Rc1 Qxa2 26. Nf6+ Kh8 27. Nd7 Rd8 28. Qg5 Rg8 29. h4 Qd5 30. Nf6 Qd8 31. Nxg8 Qxg8 32. Rc7 Nc6 33.
Rxb7 h6 34. Qc1 Qe8 35. Rc7 Ne7 36. Qc5 Ng8 37. Rc8 Qa4 38. Qf8 Kh7 39. Qxg8+ Kg6 40.
h5+ Kxh5 41. Qxf7+ Kg5 42. Qxg7+ Kf5 43. Qf6+ Ke4 44.
Qh4+ 1-0

[Event "Late-Titled-Tuesday-Blitz-May-07-2024"]
[Site "Chess.com"]
[Date "2024.05.07"]
[Round "10"]
[White "jaramsdal"]
[Black "th3d4rkness"]
[Result "1-0"]
[WhiteElo "2391"]
[BlackElo "2226"]
[TimeControl "180+1"]
[EndTime "15:57:17 PDT"]
[Termination "jaramsdal won on time"]

1. e4 c5 2. a3 Nf6 3. e5 Nd5 4. d4 cxd4 5. Qxd4 e6 6. Nf3 Nc6 7. Qd3 d6 8. exd6 Bxd6 9. Be2 Nf4 10. Bxf4 Bxf4 11. Qxd8+ Nxd8 12. O-O Bd7 13. Rd1 Rc8 14. Nc3 a6 15. g3 Bb8 16. Rd2 Bc6 17. Nd4 O-O 18.
Nxc6 Nxc6 19. Bf3 Be5 20. Rd3 b5 21. Rad1 g6 22. Kf1 Kg7 23. Ke2 h5 24. Be4 Na5 25. a4 Bxc3 26. Rxc3 Rxc3 27. bxc3 Rc8 28. axb5 axb5 29.
Rb1 Rxc3 30. Rxb5 Nc6 31. Kd2 Nd4 32. Kxc3 Nxb5+ 33. Kd3 f5 34. Bc6 Nc7 35. Kd4 Kf6 36. Kc5 Ke7 37. c4 e5 38. Kb6 Kd8 39. c5 g5 40. Bf3 h4 41. Kc6 e4 42. Be2 Ne6 43.
Kd6 Nd4 44. Ba6 f4 45. c6 Nxc6 46. Kxc6 Ke7 47. Kd5 e3 48. fxe3 fxg3 49. hxg3 h3 50. Bf1 g4 51. Ke5 Kd7 52. Kf4 Kd6 53. Kxg4 1-0

[Event "Late-Titled-Tuesday-Blitz-May-07-2024"]
[Site "Chess.com"]
[Date "2024.05.07"]
[Round "10"]
[White "NelsonLinda"]
[Black "ccccvhhhj"]
[Result "0-1"]
[WhiteElo "2593"]
[BlackElo "2499"]
[TimeControl "180+1"]
[EndTime "15:57:19 PDT"]
[Termination "ccccvhhhj won by resignation"]

1. Nf3 d5 2. b3 c6 3. Bb2 Bg4 4. e3 Nd7 5. d4 Ngf6 6. Be2 e6 7.
O-O Bd6 8. Nbd2 O-O 9. c4 Qe7 10. Ne5 Bxe2 11. Qxe2 Ba3 12. Bc3 Bb4 13. Bb2 Ba3 14.
Bc3 Bb4 15. Bxb4 Qxb4 16. a3 Qe7 17. f4 c5 18. Kh1 dxc4 19. bxc4 cxd4 20. exd4 Nb6 21. a4 Rfd8 22. a5 Nbd7 23. Rfb1 Nf8 24. Ndf3 Ng6 25. Nxg6 hxg6 26. Rb5 a6 27. Rb3 Rd7 28.
Rab1 Rc8 29. Rb4 Qd8 30. Qa2 Ne4 31. Qa3 Rxd4 32. Nxd4 Qxd4 33. h3 Nf2+ 34. Kh2 Nd3 35. Rxb7 Qxf4+ 36. Kh1 Nf2+ 37. Kg1 Ne4 38. Qf3 Qe5 39.
Qxf7+ Kh7 40. Qxg6+ Kg8 41. Qg4 Qd4+ 42. Kh2 Qe5+ 43. Kh1 Nf2+ 44. Kg1 Nxg4 45. hxg4 Qd4+ 46. Kh2 Rxc4 47. Rb8+ Kh7 48. Re1 Qxg4 49. Kg1 Qd4+ 50. Kh2 Qf4+ 51. Kg1 Qxb8 0-1

[Event "Late-Titled-Tuesday-Blitz-May-07-2024"]
[Site "Chess.com"]
[Date "2024.05.07"]
[Round "10"]
[White "chenxiaoyuer"]
[Black "ChristopherYoo"]
[Result "0-1"]
[WhiteElo "2802"]
[BlackElo "2996"]
[TimeControl "180+1"]
[EndTime "15:57:22 PDT"]
[Termination "ChristopherYoo won by checkmate"]

1. e4 e5 2. Nf3 Nc6 3. Bb5 Nge7 4. Nc3 a6 5. Ba4 Ng6 6. h4 h5 7. d3 Bc5 8. Bg5 f6 9. Be3 Bxe3 10. fxe3 b5 11. Bb3 d6 12. a4 b4 13. Nd5 Na5 14.
Ba2 Rb8 15. Qd2 c5 16. Qf2 b3 17. cxb3 Nxb3 18. Qg3 Rh6 19. Rd1 Qa5+ 20. Kf2 Qxa4 21.
Nc3 Qa5 22. Bb1 Bg4 23. Bc2 Kf8 24. Rde1 Ne7 25. Rhf1 Kg8 26. Nh2 Be6 27. Kg1 Nd2 28.
Rf2 Rxb2 29. Rxd2 Qxc3 30. Ree2 Nc6 31. Nf3 Nb4 32. Ba4 Rxd2 33. Rxd2 Qa1+ 34. Kh2 Qxa4 35.
d4 cxd4 36. exd4 Qe8 37. dxe5 dxe5 38. Rd6 Nc6 39. Qe1 Nd4 40. Qc3 Nxf3+ 41. gxf3 Kh7 42. Qc7 Qf7 43. Qd8 f5 44. Rc6 fxe4 45. Rc7 Qf4+ 46.
Kg2 Qxf3+ 47. Kh2 Qf2+ 48. Kh1 Qe1+ 49. Kh2 Qe2+ 50. Kh1 Qg4 51. Qf8 Rg6 52. Rxg7+ Rxg7 53. Qxg7+ Qxg7 54. Kh2 e3 55. Kh1 Bd5+ 56. Kh2 Qg2# 0-1

[Event "Late-Titled-Tuesday-Blitz-May-07-2024"]
[Site "Chess.com"]
[Date "2024.05.07"]
[Round "10"]
[White "jefferyx"]
[Black "Gareth-Bale11"]
[Result "1-0"]
[WhiteElo "3102"]
[BlackElo "2892"]
[TimeControl "180+1"]
[EndTime "15:57:25 PDT"]
[Termination "jefferyx won by resignation"]

1. e4 c5 2. Nf3 Nc6 3. Bb5 e6 4.
O-O Nd4 5. Nxd4 cxd4 6. c3 a6 7.
Bd3 Bc5 8. b4 Ba7 9. Bb2 d5 10.
exd5 Nf6 11. c4 O-O 12. Re1 a5 13.
a3 Re8 14. Bf1 Qd6 15. d3 axb4 16. axb4 Bd7 17. Rxa7 Rxa7 18. Bxd4 Raa8 19. Bc5 Qc7 20. dxe6 Bxe6 21. Nd2 Rad8 22. Qa1 Ng4 23. Nf3 Bf5 24.
Rxe8+ Rxe8 25. Bd4 f6 26. h3 Nh6 27. Be3 Nf7 28.
Nd4 Bd7 29. Qa7 Ne5 30. b5 Bc8 31. Qa3 h5 32. Qc1 h4 33. c5 Rd8 34. f4 Ng6 35.
Qc4+ Kh8 36. Nf3 Qe7 37. Qe4 Qf7 38. f5 Ne7 39. Nxh4 Re8 40. Ng6+ Kg8 41. Nxe7+ Rxe7 42. Qf3 Re5 43. g4 Bd7 44. d4 Re8 45. Bf2 Qa2 46. Qxb7 Bc8 47. Qc6 Kf8 48. Qd6+ Kg8 49. Qc6 Kh8 50.
Qxe8+ Kh7 51. Qxc8 Qd5 52. Qc6 Qb3 53. b6 1-0

[Event "Late-Titled-Tuesday-Blitz-May-07-2024"]
[Site "Chess.com"]
[Date "2024.05.07"]
[Round "10"]
[White "dealshark"]
[Black "Andrii_Prydun"]
[Result "1-0"]
[WhiteElo "2534"]
[BlackElo "2411"]
[TimeControl "180+1"]
[EndTime "15:57:28 PDT"]
[Termination "dealshark won on time"]

1. e4 d5 2. exd5 Qxd5 3. Nc3 Qe6+ 4. Be2 Qg6 5. Bf3 Nc6 6. d4 Bf5 7. Bxc6+ Qxc6 8. Qf3 Qxf3 9. Nxf3 Bxc2 10. Bf4 Rc8 11. Rc1 Bf5 12. Nb5 c6 13. Nc3 Nf6 14. O-O h6 15. Rfd1 e6 16. h3 Be7 17. a3 O-O 18.
Ne5 Rfd8 19. Be3 Ne8 20. Na4 f6 21. Nf3 Be4 22. Nd2 Bd5 23. Nc5 b6 24. Nd3 Kf7 25.
Nf4 Nd6 26. Re1 Nf5 27. Nc4 Rd7 28. g4 Nh4 29. Nd2 Rcc7 30. Nxd5 exd5 31. Bf4 Bd6 32.
Bg3 Ng6 33. Re3 Bf4 34. Rd3 Re7 35. Rc2 Re2 36. Kf1 Rce7 37. Bxf4 Nxf4 38. Re3 c5 39. Rxe7+ Kxe7 40. dxc5 bxc5 41. b3 g5 42. a4 Kd6 43. Rb2 Kc6 44. Rc2 d4 45. b4 c4 46.
Rxc4+ Kd5 47. Rc5+ Kd6 48. Nc4+ Ke6 49. Rc6+ Kf7 50.
Rc7+ Kg6 51. Rc8 Rc2 52. Ke1 d3 53. Nd6 Rxc8 54. Nxc8 Nxh3 55. b5 f5 56. a5 fxg4 57. b6 axb6 58. axb6 g3 59. fxg3 1-0